Map: Miner Evacuation

Players

wasp

  • Race: Protoss Protoss

larsgj

  • Race: Terran Terran

VOD

Have the link to the VOD?

Description

Time

  • Played on: Sept. 22, 2018, 8:44 a.m.
  • Length: 22:25
Show
View Real Time Build Order
Export as new Build Order

wasp Protoss 

Build Orders:  

Get SALT Encoding   

    0:07  Probe x12 (Chrono Boost)  
    0:22  Unknown x3  
  12  1:00  Pylon  
  12  1:07  Pylon  
  12  1:12  Assimilator  
  12  1:20  Assimilator  
  12  1:21  Probe (Chrono Boost)  
  13  1:35  Probe (Chrono Boost)  
  14  1:45  Gateway  
  14  2:03  Forge  
  14  2:44  Gateway  
  14  2:53  Supplicant x2  
  18  3:21  Supplicant x2  
  22  3:49  Supplicant x2  
  26  4:17  Supplicant x2  
  30  6:45  Supplicant x2  
  20  7:13  Supplicant x2  
  22  7:34  Supplicant x2  
  26  7:41  Supplicant x2  
  30  7:53  Cybernetics Core  
  30  8:08  Cybernetics Core  
  30  8:14  Pylon  
  30  8:23  Pylon  
  30  8:38  Pylon  
  30  8:39  Supplicant x4  
  38  9:07  Supplicant x4  
  46  9:35  Supplicant x4  
  54  10:19  Supplicant x2  
  42  11:57  Probe (Chrono Boost)  
  43  12:10  Probe (Chrono Boost)  
  44  12:24  Probe (Chrono Boost)  
  45  12:38  Probe (Chrono Boost)  
  46  12:47  Supplicant x4  
  54  12:51  Warp Gate  
  54  12:52  Probe (Chrono Boost)  
  53  15:19  Supplicant x2  
  23  15:47  Supplicant x2  
  27  16:15  Supplicant x2  
  31  16:40  Pylon  
  35  17:29  Supplicant x2  
  39  17:46  Pylon  
  23  19:07  Supplicant x2  
  23  19:08  Supplicant x2  
  31  19:43  Forge  
  31  19:59  Supplicant x2  
  35  20:00  Supplicant x2  
  39  20:44  Photon Cannon  
  39  20:59  Photon Cannon  
  23  21:29  Supplicant x2  
  27  21:30  Supplicant x2  
Show
View Real Time Build Order
Export as new Build Order

larsgj Terran 

Build Orders:  

Get SALT Encoding   

  1  0:00  Orbital Command  
    0:05  SCV x12  
    0:22  Unknown  
    0:27  SCV  
  13  0:43  Supply Depot  
  13  1:03  SCV  
  14  1:16  Barracks  
  14  1:20  SCV  
  14  1:28  Supply Depot  
  15  1:37  SCV  
  16  2:00  SCV, Refinery  
  16  2:08  Marine  
  17  2:18  Marine  
  18  2:23  Supply Depot  
  18  2:28  Marine  
  19  2:34  SCV  
  19  2:38  Marine  
  21  2:45  Unknown  
  21  2:49  Refinery  
  22  2:51  SCV  
  22  2:55  Barracks Tech Lab  
  23  3:07  SCV  
  24  3:15  Supply Depot  
  24  3:24  SCV  
  25  3:37  Marine  
  26  3:41  SCV  
  27  3:58  Engineering Bay  
  27  4:11  Marine  
  28  4:22  Marine  
  29  4:32  Marine  
  30  4:42  Marine  
  30  4:49  Barracks  
  31  4:50  Terran Infantry Weapons Level 1  
  31  4:52  Marine  
  31  4:54  SCV  
  33  5:05  Supply Depot  
  33  5:17  Stabilizer Medpacks  
  33  5:55  Supply Depot  
  33  6:07  Barracks Tech Lab  
  33  6:13  Barracks, SCV  
  34  6:28  Marine  
  34  6:30  SCV  
  34  6:33  Marine  
  34  6:38  Marine  
  37  6:43  Medic  
  37  6:47  SCV  
  37  6:48  Marine x2  
  41  6:53  Marine  
  41  6:58  Marine x2  
  40  7:23  Medic x2  
  45  7:30  Terran Infantry Armor Level 1  
  45  7:31  Barracks Tech Lab  
  45  7:33  Marine  
  46  7:47  SCV  
  46  7:48  Marine  
  47  8:03  Factory  
  47  8:04  SCV  
  48  8:14  Supply Depot  
  48  8:21  SCV  
  48  8:22  Marine  
  48  8:24  Marine  
  51  8:32  Marine  
  52  8:47  Supply Depot  
  49  10:14  Armory  
  49  10:17  Armory  
  49  10:27  SCV  
  50  10:35  Marine x2, Medic  
  54  10:44  SCV  
  54  10:45  Marine, Medic x2  
  60  10:55  Marine, Medic  
  60  10:56  Medic  
  65  11:01  SCV  
  65  11:05  Marine, Medic  
  69  11:18  SCV  
  70  11:25  Armory  
  70  11:35  SCV  
  71  11:55  Orbital Command  
  71  12:33  Starport  
  70  12:42  Marine x2  
  70  12:43  Marine  
  73  12:52  Marine  
  73  12:53  Marine x2  
  73  12:54  Starport  
  73  12:59  Terran Vehicle And Ship Armor Level 1  
  76  13:01  Terran Vehicle and Ship Weapons Level 1  
  76  13:03  Marine x3  
  76  13:04  Terran Infantry Weapons Level 2  
  79  13:30  Supply Depot  
  79  13:47  Starport  
  79  13:57  Marine x2  
  79  14:02  Supply Depot  
  81  14:33  Supply Depot  
  81  14:38  Starport  
  79  15:06  Supply Depot  
  77  15:21  Starport Tech Lab  
  77  15:39  Starport Tech Lab  
  69  15:43  Starport Tech Lab  
  46  16:14  Terran Infantry Armor Level 2  
  46  16:37  Fusion Core  
  46  16:44  Supply Depot  
  46  17:03  Terran Vehicle and Ship Weapons Level 2  
  46  17:05  Terran Vehicle And Ship Armor Level 2  
  46  17:15  Supply Depot  
  46  17:49  Supply Depot  
  46  18:07  Command Center  
  46  18:20  Supply Depot  
  46  18:31  Battlecruiser  
  46  18:32  Battlecruiser  
  46  18:33  Battlecruiser, Refinery  
  64  18:50  Refinery  
  64  18:51  Supply Depot  
  64  19:24  Structure Armor  
  64  19:50  SCV  
  65  20:07  SCV, Battlecruiser  
  72  20:24  SCV, Battlecruiser  
  79  20:33  Marine x3  
  82  20:41  SCV  
  82  20:43  Marine x3  
  86  20:58  SCV  
Tags
 
Commander
AlarakRaynor
Matchup
Co-op
Replay Pack
Multiplayer
Add a new tag
Caveats
  • Supply blocks, unpowered buildings, or Contaminate may cause inaccurate times.
  • Supply counts are checked every 10 seconds.